cohdb
Replays
Latest Replays
All Replays
Popular Replays
Top Player Replays
Match Explorer
How It Works
Community
CoH3 Stats
Reddit
Sign in to upload your games and track your stats! →
Sign in with Steam
Match 46964126
Unlisted
Match 46964126
Overview
Messages
Build Orders
End
Panzergrenadier Squad
Selects Panzerjäger Kommand Battlegroup
Selects Blockade Equipment
250 Light Carrier
Panzergrenadier Squad
Construct Light Support Kompanie
2.5-tonne Medical Truck
MG34 Team
Selects Tank Busters
Construct Mechanized Kompanie
Panzerjäger Mechanized Group
8 Rad Armored Car
Selects Defensive Positions
Veteran Squad Leaders
Selects Butterfly Bomb Drop
Butterfly Bomb Drop
Construct Panzerarmee Kommand
Advanced Field Repairs
Panzer III L Medium Tank
Assault Mechanized Group
Butterfly Bomb Drop
Fox
derekjgray632
tpd03133
MAVNE
Sad Pepe
gio_misro
0
0
Comments
sign in to comment!
No comments posted yet!